 Dungeon Crawl Stone Soup version 0.28.0-49-g6dfe1f597d (webtiles) character file.

Game seed: 13141151344311704579

11 ZappyNine the Magician (level 2, -1/21 HPs)
             Began as a Djinni Ice Elementalist on May 18, 2022.
             Slain by a jackal (2 damage)
             ... on level 1 of the Dungeon.
             The game lasted 00:00:37 (693 turns).

ZappyNine the Magician (Djinni Ice Elementalist)     Turns: 693, Time: 00:00:38

Health: -1/21      AC:  2    Str:  7    XL:     2   Next: 35%
Gold:   12         EV: 12    Int: 16    God:
                   SH:  0    Dex: 13

rFire   + + .      SeeInvis .   c - +0 club
rCold   x . .      Faith    .   (no shield)
rNeg    . . .      Spirit   .   a - +0 robe
rPois   ∞          Reflect  .   (no helmet)
rElec   .          Harm     .   (no cloak)
rCorr   .          Rampage  .   (no gloves)
Will    .....                   (boots unavailable)
Stlth   ++........              (no amulet)
HPRegen 0.07/turn               (no ring)
MPRegen 0.00/turn               (no ring)

@: mighty, flying
A: sickness immunity, fire resistance 2, cold vulnerability 1, float, innate
caster, HP casting, extra vitality 1
a: no special abilities


You were on level 1 of the Dungeon.
You visited 1 branch of the dungeon, and saw 1 of its levels.

You collected 12 gold pieces.

Inventory:

Hand Weapons
 c - a +0 club (weapon)
Armour
 a - a +0 robe (worn)
Scrolls
 b - a scroll of acquirement {unknown}


   Skills:
 + Level 2.5 Dodging
 + Level 1.9 Stealth
 + Level 3.4 Spellcasting


You couldn't memorise any spells.
You knew the following spells:

 Your Spells              Type           Power      Damage    Failure   Level
a - Freeze                Ice            52%        1d7       4%          1
b - Frozen Ramparts       Ice            26%        1d4       13%         3
c - Ozocubu's Armour      Ice            13%        N/A       13%         3
d - Hailstorm             Conj/Ice       13%        3d5       41%         4
Your spell library was empty.

Dungeon Overview and Level Annotations

Branches:
Dungeon (1/15)

Altars:

Shops:
D:1 :


Innate Abilities, Weirdness & Mutations

You are immune to sickness and miasma.
You are immune to poison.
Your flesh is very heat resistant. (rF++)
You are vulnerable to cold. (rC-)
You float through the air rather than walking.
You learn spells naturally, not from books.
Your magical power is your life essence.
You have superior vitality. (+4 MHP)


Message History

* * * LOW HITPOINT WARNING * * *
Unknown command.
The bat closely misses you. The bat barely misses you.
The jackal barely misses you.
Casting: Freeze (safe; 4% risk of failure)
Confirm with . or Enter, or press ? or * to list all spells.
Aiming: Freeze (safe; 4% risk of failure)
Press: ? - help, Shift-Dir - straight line, f/p - bat
Aim: a bat You freeze the bat.
You kill the bat!
* * * LOW HITPOINT WARNING * * *
The jackal misses you.
Unknown command.
The jackal barely misses you. The jackal barely misses you.
Your magical contamination has completely faded away.
The jackal barely misses you.
Casting: Freeze (safe; 4% risk of failure)
Confirm with . or Enter, or press ? or * to list all spells.
Aiming: Freeze (safe; 4% risk of failure)
Press: ? - help, Shift-Dir - straight line, f - jackal
Aim: a jackal
Okay, then.
It was a potion of might.
You feel very mighty all of a sudden. The jackal bites you.
* * * LOW HITPOINT WARNING * * *
Unknown command.
You sock the jackal!
You kill the jackal!
The jackal completely misses you.
You thump the jackal!
You kill the jackal!
The jackal bites you.
* * * LOW HITPOINT WARNING * * *
You closely miss the jackal. The jackal bites you.
* * * LOW HITPOINT WARNING * * *
The jackal bites you.
You die...

#.## ##.#..>..............♣.♣♣
#.# #.#.# ###...........♣.. #.#
.. #.......#...... #.# #....
#.......#...... #.# #...
####.......##.#... #.# #...
#...............#. #.# #..
#r#.............#. #.# #..
#h##h............. #.# #.#+#
#@##h########.#.## #.# #.#.#
#.##.# #####...#
####.#####.#.###.##h# #........
.................##r# #.......#
##########.##)...##.####.......+
#.......##............#
#.....#..##.............
........#.###.............
........#.................


You could see a jackal and a rat.

Vanquished Creatures
  A dart slug (D:1)
  A goblin (D:1)
  2 jackals (D:1)
  3 kobolds (D:1)
  A bat (D:1)
8 creatures vanquished.

Notes
Turn   | Place    | Note
-------+----------+-------------------------------------------
     0 | D:1      | ZappyNine the Djinni Ice Elementalist began the quest for
                  | the Orb.
     0 | D:1      | Reached XP level 1. HP: 15/15 MP: 0/0
   449 | D:1      | Found Nyxydoh's Book Shop.
   498 | D:1      | Reached XP level 2. HP: 15/21 MP: 0/0
   693 | D:1      | HP: 1/21 [jackal (1)]
   693 | D:1      | Slain by a jackal

Illustrated notes

Levels and vault maps discovered:
D:1:      erik_arrival_orb_chamber, layout_basic, serial_shops,
          nicolae_shop_waterfront, chequers_garden, minmay_misc_feat_columns

Action                   || total
-------------------------++-------
Melee: Club              ||    17
       Punch             ||     1
 Cast: Freeze            ||    10
  Use: Potion            ||     1
Armor: Robe              ||     7
Dodge: Dodged            ||    39
